 Dungeon Crawl Stone Soup version 0.19-a0-713-g934ebc7 (webtiles) character file.

1241 Arkorax the Basher (level 8, 0/89 HPs)
             Began as an Ogre Gladiator on June 20, 2016.
             Was a Priest of Uskayaw.
             Slain by a killer bee (9 damage)
             ... on level 7 of the Dungeon.
             The game lasted 00:05:01 (5924 turns).

Arkorax the Basher (Ogre Gladiator)                 Turns: 5924, Time: 00:05:01

Health: 0/89       AC:  3    Str: 21    XL:     8   Next: 49%
Magic:  8/8        EV: 12    Int:  7    God:    Uskayaw [***...]
Gold:   219        SH:  0    Dex: 12    Spells: 0 memorised, 7 levels left

rFire  . . .     SeeInvis .     w - +0 giant club
rCold  . . .     Gourm    .     b - +0 robe
rNeg   . . .     Faith    .     (shield currently unavailable)
rPois  .         Spirit   .     c - +0 hat
rElec  .         Dismiss  .     (no cloak)
rCorr  .         Reflect  .     (gloves unavailable)
SustAt .         Harm     .     (boots unavailable)
MR     +....                    (no amulet)
Stlth  +.........               (no ring)
                                A - ring of protection from magic

@: lethally poisoned (0 -> -4), somewhat resistant to hostile enchantments, very
unstealthy
A: unfitting armour, tough skin 1
a: Stomp, Line Pass, Renounce Religion


You were on level 7 of the Dungeon.
You worshipped Uskayaw.
Uskayaw was most pleased with you.
You were not hungry.

You visited 1 branch of the dungeon, and saw 7 of its levels.

You collected 219 gold pieces.

Inventory:

Hand Weapons
 a - a +0 flail
 w - a +0 giant club (weapon)
Missiles
 d - 2 throwing nets (quivered)
Armour
 b - a +0 robe (worn)
 c - a +0 hat (worn)
Jewellery
 A - a ring of protection from magic (left hand)
Scrolls
 g - 3 scrolls of identify {unknown}
 h - a scroll of remove curse {unknown}
 i - 5 scrolls of teleportation {unknown}
 m - 2 scrolls of fog {unknown}
 q - a scroll of enchant weapon {unknown}
 s - a scroll of magic mapping {unknown}
 u - 2 scrolls of blinking {unknown}
 x - a scroll of recharging {unknown}
 y - a scroll of noise {unknown}
 B - a scroll of enchant armour {unknown}
 C - a scroll of fear {unknown}
 D - a scroll of immolation {unknown}
 E - a scroll of random uselessness {unknown}
Potions
 j - a potion of heal wounds
 k - a potion of degeneration {unknown}
 l - a potion of brilliance {unknown}
 n - a potion of agility {unknown}
 p - a potion of magic {unknown}
 t - a potion of mutation {unknown}
 v - a potion of resistance {unknown}
 z - a potion of cancellation {unknown}
Comestibles
 f - 3 bread rations
 o - 2 beef jerkies
 r - 2 fruits


   Skills:
 * Level 8.5 Fighting
 * Level 9.3 Maces & Flails
 - Level 2.0 Throwing
 + Level 4.8 Dodging


You had 7 spell levels left.
You didn't know any spells.

Dungeon Overview and Level Annotations

Branches:
Dungeon (7/15)
 Temple: D:4-7

Altars:
Pakellas
Qazlal
Uskayaw
Yredelemnul
The Shining One


Innate Abilities, Weirdness & Mutations

You are too large for most types of armour.
You have tough skin. (AC +1)


Message History

The killer bee stings you.
Uskayaw will force your foes to helplessly watch your dance.
You hit the killer bee.
The killer bee is lightly wounded.
The killer bee closely misses you. The killer bee barely misses you.
You miss the killer bee.
The killer bee is lightly wounded.
The killer bee closely misses you. x2
The killer bee stings you but does no damage.
You closely miss the killer bee.
The killer bee is lightly wounded.
The killer bee stings you!
* * * LOW HITPOINT WARNING * * *
You are poisoned.
The killer bee poisons you! The killer bee stings you!
* * * LOW HITPOINT WARNING * * *
You hit the killer bee.
The killer bee is moderately wounded.
You feel sick. The killer bee stings you!
You die...

..................<.....#
.......##.....#.#.#####.#
............#.#.#..)....#
....###.###.#.#########
.... #.#<#.#.# .##
#.#...#.# #.......#
#.####### #@# #y#
...............
#.#............
#....######## #.... #....
#.... #....


You could see a killer bee.

Vanquished Creatures
  A yak (D:6)
  An ogre (D:4)
  A centaur (D:4)
  A giant frog (D:7)
  4 killer bees (D:7)
  5 wights (D:7)
  A giant frog zombie (D:5)
  A giant frog skeleton (D:4)
  An orc priest (D:4)
  A centaur zombie (D:6)
  A hound (D:4)
  An orc wizard (D:4)
  2 worker ants
  A hound zombie (D:5)
  4 gnolls (D:3)
  8 adders
  2 shadow imps (D:5)
  3 oozes
  2 worms (D:2)
  2 dart slugs
  4 giant geckos
  7 orcs
  8 bats
  3 giant cockroaches
  6 goblins
  10 hobgoblins
  19 jackals
  A quokka (D:4)
  A ball python (D:1)
  A giant cockroach zombie (D:5)
  7 giant newts
  3 kobolds
  2 rats
115 creatures vanquished.

Notes
Turn   | Place    | Note
--------------------------------------------------------------
     0 | D:1      | Arkorax the Ogre Gladiator began the quest for the Orb.
     0 | D:1      | Reached XP level 1. HP: 22/22 MP: 1/1
   198 | D:1      | Reached XP level 2. HP: 29/29 MP: 2/2
   360 | D:1      | Reached XP level 3. HP: 25/37 MP: 3/3
   923 | D:2      | Reached skill level 5 in Maces & Flails
  1197 | D:2      | Reached XP level 4. HP: 44/48 MP: 4/4
  1452 | D:2      | Found a hide-covered altar of Uskayaw.
  1453 | D:2      | Noticed a dagger
  1453 | D:2      | Noticed a dagger
  1740 | D:2      | Became a worshipper of Uskayaw the Reveler
  1807 | D:2      | Reached * piety under Uskayaw
  1931 | D:2      | Reached ** piety under Uskayaw
  2191 | D:3      | Found an oddly glowing altar of Pakellas.
  2280 | D:3      | Reached XP level 5. HP: 36/55 MP: 5/5
  2678 | D:3      | Reached skill level 5 in Fighting
  3159 | D:4      | Reached skill level 6 in Maces & Flails
  3169 | D:4      | Reached XP level 6. HP: 45/66 MP: 6/6
  3332 | D:4      | Reached *** piety under Uskayaw
  3630 | D:4      | Reached skill level 7 in Maces & Flails
  3630 | D:4      | Reached XP level 7. HP: 23/75 MP: 7/7
  4318 | D:5      | Entered Level 5 of the Dungeon
  5108 | D:6      | Found a stormy altar of Qazlal.
  5111 | D:6      | Found a glowing golden altar of the Shining One.
  5113 | D:6      | Found a basalt altar of Yredelemnul.
  5149 | D:6      | Noticed a yak
  5150 | D:6      | Noticed a yak
  5151 | D:6      | Noticed a yak
  5152 | D:6      | Noticed a yak
  5153 | D:6      | Noticed a yak
  5154 | D:6      | Killed a yak
  5154 | D:6      | Reached skill level 8 in Maces & Flails
  5633 | D:7      | Reached XP level 8. HP: 87/87 MP: 8/8
  5641 | D:7      | Reached **** piety under Uskayaw
  5895 | D:7      | Reached skill level 9 in Maces & Flails
  5913 | D:7      | HP: 3/89 [killer bee (3)]
  5924 | D:7      | Slain by a killer bee

Vault maps used:
D:1:      minmay_arrival_wavy_path, st_stairs_4
D:2:      dancing_weapons_uskayaw
D:3:      first_bread, grunt_pakellas_sulfur
D:4:      due_unseen_surprise
D:5:      kennysheep_pointless_box
D:6:      gammafunk_temple_overflow_forgotten, gammafunk_temple_overflow_statue,
          temple_green, serial_shops, nicolae_shop_stone, basic_altar,
          minmay_misc_feat_columns, minmay_misc_feat_tiny, uniq_prince_ribbit1
D:7:      evilmike_ruin_ashenzari, cheibriados_altar_wand_db

Skill      XL: |  1  2  3  4  5  6  7  8 |
---------------+-------------------------+-----
Fighting       | 3 4 5 6 7 8 |  8.5
Dodging        | 3 4 |  4.8
Maces & Flails | 5 6 7 8 9 |  9.3
Throwing       | |  2.0

Action                   |  1- 3 |  4- 6 |  7- 9 || total
-------------------------+-------+-------+-------++-------
Melee: Flail             |   112 |   188 |       ||   300
       Giant club        |       |    15 |   128 ||   143
Throw: Throwing net      |       |       |     1 ||     1
  Use: Potion            |       |       |     5 ||     5
 Stab: Sleeping          |       |     1 |       ||     1
       Distracted        |       |       |     1 ||     1
       Paralysed         |       |       |     3 ||     3
  Eat: Bread ration      |     1 |       |     2 ||     3
       Chunk             |       |     5 |     1 ||     6
Armor: Robe              |    55 |    65 |    25 ||   145
Dodge: Dodged            |    91 |   144 |    97 ||   332
